 Dungeon Crawl Stone Soup version 0.30-a0-748-ge6a52f7cba (webtiles) character file.

Game seed: 6633764610992894857

158 retardedninja the Shooter (level 5, -4/48 HPs)
             Began as a Gargoyle Hunter on Feb 8, 2023.
             Slain by a bullfrog (6 damage)
             ... in a sewer.
             The game lasted 00:04:20 (2794 turns).

retardedninja the Shooter (Gargoyle Hunter)         Turns: 2794, Time: 00:04:21

Health: -4/48      AC: 15    Str: 13 (16) XL:     5   Next: 39%
Magic:  5/5        EV:  0    Int:  8 (10) God:
Gold:   188        SH:  0    Dex: 11 (13) Spells: 4/4 levels left

rFire   . . .      SeeInvis .    a - +0 shortbow (drain)
rCold   . . .      Faith    .    (shield currently unavailable)
rNeg    + . .      Spirit   .    o - +0 plate armour
rPois   ∞          Reflect  .    (no helmet)
rElec   +          Harm     .    k - +0 cloak
rCorr   .          Rampage  .    (no gloves)
Will    +....                    (no boots) Stlth
                                 (no amulet)
HPRegen 0.28/turn                j - ring of willpower
MPRegen 0.09/turn                (no ring)

@: berserking, constricted, quick
A: sickness immunity, AC +4, negative energy resistance 1, electricity
resistance, torment resistance 1, petrification resistance
a: no special abilities


You were in a sewer.
You visited 1 branch of the dungeon, and saw 3 of its levels.
You also visited: Sewer.

You collected 188 gold pieces.

Inventory:

Hand Weapons
 a - a +0 shortbow of draining (weapon)
Armour
 k - a +0 cloak (worn)
 o - a +0 plate armour (worn)
Jewellery
 j - a ring of willpower (left hand)
Scrolls
 b - a scroll of immolation
 d - a scroll of summoning
 i - a scroll of identify {unknown}
 l - a scroll of silence {unknown}
 m - a scroll of noise {unknown}
 r - a scroll of magic mapping {unknown}
 s - a scroll of teleportation {unknown}
 t - a scroll of enchant armour {unknown}
Potions
 c - a potion of attraction {unknown}
 f - a potion of haste
 g - a potion of curing {unknown}
 h - a potion of ambrosia {unknown}
 q - a potion of mutation {unknown}


   Skills:
 + Level 3.1 Fighting
 * Level 5.0 Ranged Weapons
 + Level 1.5 Armour
 + Level 2.3 Dodging
 + Level 2.5 Stealth


You had 4 spell levels left.
You didn't know any spells.
Your spell library contained the following spells:

 Spells                   Type           Power      Damage    Failure   Level
 Sting                    Tmut/Pois      0%         1d3       100%        1
 Poisonous Vapours        Pois/Air       0%         N/A       100%        2
 Olgreb's Toxic Radiance  Pois           0%         N/A       100%        4


Dungeon Overview and Level Annotations

Branches:
Dungeon (3/15)              Sewer (1/1)

Altars:


Innate Abilities, Weirdness & Mutations

You are immune to sickness and miasma.
Your stone body is resilient. (AC +4)
You are immune to poison.
You resist negative energy. (rN+)
You are resistant to electric shocks. (rElec)
You are resistant to unholy torment.
You are immune to petrification.


Message History

The ball python bites you but does no damage. x3
The adder bites you.
The bullfrog hits you but does no damage.
As you read the scroll labelled SILYIH BOMU, it crumbles to dust.
Wisps of shadow whirl around you...
It was a scroll of summoning.
The bullfrog hits you but does no damage.
The ball python bites you but does no damage.
The ball python constricts you.
The ball python bites you but does no damage. x2
The ball python bites you. The adder bites you but does no damage.
The bullfrog hits you.
* * * LOW HITPOINT WARNING * * *
The bullfrog hits you!
* * * LOW HITPOINT WARNING * * *
The ball python bites you but does no damage.
The ball python constricts you.
The ball python bites you but does no damage. x2
It was a potion of degeneration.
There was something very wrong with that liquid.
You feel weakened.
You feel dopey.
You feel clumsy.
The bullfrog hits you but does no damage.
The ball python bites you but does no damage.
The adder bites you but does no damage.
The bullfrog hits you but does no damage.
The ball python bites you but does no damage.
The ball python constricts you.
The ball python bites you but does no damage.
The bullfrog hits you but does no damage.
The ball python bites you but does no damage.
Your ball python bites the ball python.
Your ball python grabs the ball python.
Your ball python constricts the ball python.
The ball python dies!
The adder bites you but does no damage.
The ball python bites you but does no damage.
It was a potion of berserk rage.
A red film seems to cover your vision as you go berserk!
You feel yourself moving faster!
You feel mighty!
The bullfrog hits you but does no damage.
The bullfrog hits you.
You die...

#~≈~~~≈#
#≈~†~~
#≈~~~~≈#
#~~†~~
#≈~~~~≈#
#~~~≈≈
#≈~~~~≈#
#~~~~≈
#~#~~≈≈#
#≈....
#~~≈~≈≈#
#≈....
#~.~≈≈≈#
##....
#~FS≈≈≈#
#≈≈~~~
#S@Fl≈≈#
#≈≈~~~
#SSS~~≈#
#≈~~~~
#S~~~~≈#
#~~~~~
#≈~~~~≈#
#~~~~≈
#~≈~~~~#
#~~~≈≈
#~~~≈~~#
#~~~~~
#.....##
#.....
#......
#.....
##..†.


You could see 2 bullfrogs, an adder, 4 ball pythons, a frilled lizard and a
friendly ball python (summoned).

Vanquished Creatures
  5 adders
  3 river rats (Sewer)
  3 worms
  A dart slug (D:1)
  5 endoplasms
  3 giant cockroaches
  5 goblins
  6 hobgoblins
  3 jackals (D:2)
  3 kobolds
  3 quokkas
  8 ball pythons
  2 bats
  5 frilled lizards
  27 rats
82 creatures vanquished.

Vanquished Creatures (collateral kills)
  A ball python (Sewer)
1 creature vanquished.

Grand Total: 83 creatures vanquished

Notes
Turn   | Place    | Note
-------+----------+-------------------------------------------
     0 | D:1      | retardedninja the Gargoyle Hunter began the quest for the
                  | Orb.
     0 | D:1      | Reached XP level 1. HP: 12/12 MP: 1/1
    40 | D:1      | Reached XP level 2. HP: 14/18 MP: 2/2
   782 | D:1      | Reached XP level 3. HP: 22/22 MP: 3/3
  1974 | D:3      | Reached XP level 4. HP: 27/27 MP: 4/4
  2191 | D:3      | Found a glowing drain.
  2221 | Sewer    | Entered a sewer
  2371 | Sewer    | Reached skill level 1 in Armour
  2637 | Sewer    | Reached XP level 5. HP: 32/32 MP: 5/5
  2727 | Sewer    | Reached skill level 5 in Ranged Weapons
  2792 | Sewer    | HP: 1/32 [bullfrog (7)]
  2794 | Sewer    | Slain by a bullfrog

Illustrated notes

Levels and vault maps discovered:
D:1:      amcnicky_arrival_wind_blow, layout_basic, minmay_pentomino_z2
D:2:      layout_loops_cross
D:3:      layout_loops_ring, serial_shops, shop, portal_sewer_entry_b
Sewer:    sewer_minmay_w

Skill      XL: |  1  2  3  4  5 |
---------------+----------------+-----
Dodging        | 2 |  2.3
Stealth        | 2 |  2.5
Armour         | 1 |  1.5
Fighting       | 3 |  3.1
Ranged Weapons | 5 |  5.0

Action                     |  1- 3 |  4- 6 || total
---------------------------+-------+-------++-------
   Fire: Shortbow          |   105 |   162 ||   267
    Use: Scroll            |     1 |     2 ||     3
         Potion            |       |     3 ||     3
 Armour: Leather armour    |    15 |       ||    15
         Ring mail         |    16 |    19 ||    35
         Plate armour      |       |   148 ||   148
  Dodge: Dodged            |    23 |    71 ||    94

Table legend: (Time is in decaauts)
 A = Elapsed time spent in this place.
 B = Non-inter-level travel time spent in this place.
 C = Inter-level travel time spent in this place.
 D = Time resting spent in this place.
 E = Time spent auto-exploring this place.
 F = Levels seen in this place.
 G = Mean time per level.
                   A        B        C        D        E       F      G
               +--------+--------+--------+--------+--------+-----+--------+
         Total |   2962 |   2914 |     48 |    489 |   1804 |   4 |  740.5 |
       Dungeon |   2273 |   2225 |     48 |    244 |   1660 |   3 |  757.7 |
         Sewer |    688 |    688 |      0 |    245 |    144 |   1 |  688.0 |
               +--------+--------+--------+--------+--------+-----+--------+

Top non-repeatable levels by time:
     D:1: 1174 daAuts
   Sewer: 688 daAuts
     D:2: 629 daAuts
     D:3: 469 daAuts
